Map: Korhal Carnage Knockout LE

Players

Fropez

  • Race: Protoss Protoss
  • League: Silver
  • Spawn Location: 6:00

DarkShadow - Winner!

  • Race: Terran Terran
  • League: Silver
  • Spawn Location: 9:00

VOD

Have the link to the VOD?

Description

Time

  • Played on: May 9, 2016, 12:10 a.m.
  • Length: 5:00
Show
View Real Time Build Order
Export as new Build Order

Fropez Protoss 

Build Orders: 1 Gate Expand 

Get SALT Encoding   

  12  0:01  Probe (Chrono Boost)  
  13  0:17  Pylon  
  13  0:19  Probe (Chrono Boost)  
  14  0:25  Assimilator  
  14  0:33  Probe (Chrono Boost)  
  15  0:44  Probe (Chrono Boost)  
  15  0:46  Gateway  
  16  0:54  Probe (Chrono Boost)  
  17  1:05  Probe (Chrono Boost)  
  18  1:15  Probe (Chrono Boost)  
  19  1:26  Probe (Chrono Boost)  
  20  1:36  Probe (Chrono Boost)  
  21  1:42  Nexus  
  21  1:53  Cybernetics Core  
  21  1:56  Probe (Chrono Boost)  
  22  2:02  Assimilator  
  22  2:06  Probe (Chrono Boost)  
  23  2:26  Pylon  
  25  2:44  Mothership Core (Chrono Boost)  
  25  2:47  Warp Gate  
  23  2:56  Adept  
  23  3:03  Probe (Chrono Boost)  
  23  3:07  Pylon  
  23  3:41  Probe (Chrono Boost)  
  23  3:42  Probe (Chrono Boost), Assimilator  
  23  3:48  Assimilator  
  25  3:49  Forge  
  25  3:50  Pylon  
  25  4:00  Probe (Chrono Boost)  
  25  4:01  Probe (Chrono Boost)  
  27  4:07  Robotics Facility  
  27  4:11  Robotics Facility  
  27  4:15  Probe (Chrono Boost)  
  27  4:39  Photon Cannon  
  25  4:49  Photon Cannon  
  25  4:51  Photon Cannon  
Show
View Real Time Build Order
Export as new Build Order

DarkShadow Terran - Winner!

Build Orders:  

Get SALT Encoding   

  12  0:01  SCV  
  13  0:13  SCV  
  14  0:23  Supply Depot  
  14  0:25  SCV  
  15  0:40  Refinery  
  15  0:49  Barracks  
  15  1:01  SCV  
  16  1:19  SCV  
  17  1:26  Barracks  
  17  1:28  Barracks  
  17  1:31  SCV  
  17  1:36  Reaper  
  18  1:44  Supply Depot  
  18  1:50  SCV  
  19  2:16  Barracks Tech Lab  
  19  2:17  Barracks Tech Lab  
  19  2:20  Barracks Reactor  
  19  2:58  Marine x2  
  19  2:59  Marauder  
  19  3:00  Marauder  
  25  3:06  Command Center  
  25  3:07  Refinery  
  25  3:23  Marine x2  
  25  3:24  Marauder  
  29  3:32  Marauder  
  29  4:04  Factory  
  29  4:12  Orbital Command  
  29  4:29  Marine  
  29  4:30  Marine  
  33  4:31  Marauder  
Tags
 
Add a new tag
Caveats
  • Supply blocks, unpowered buildings, or Contaminate may cause inaccurate times.
  • Supply counts are checked every 10 seconds.